 Dungeon Crawl Stone Soup version 0.20.0-15-g7f486f2 (webtiles) character file.

389 Inarius the Gusty (level 6, -3/45 HPs)
             Began as a Draconian Air Elementalist on June 10, 2017.
             Was an Initiate of Hepliaklqana.
             Slain by an ogre
             ... wielding a +0 giant spiked club
              (19 damage)
             ... on level 4 of the Dungeon.
             The game lasted 00:15:03 (5589 turns).

Inarius the Gusty (Draconian Air Elementalist)      Turns: 5589, Time: 00:15:03

Health: -3/45      AC:  9    Str: 10    XL:     6   Next: 50%
Magic:  5/10       EV: 12    Int: 18    God:    Hepliaklqana [......]
Gold:   220        SH:  7    Dex: 11    Spells: 1/11 levels left

rFire    . . .     SeeInvis .   m - +3 short sword (venom)
rCold    . . .     Gourm    .   l - +1 buckler {AC+3}
rNeg     . . .     Faith    .   (armour unavailable)
rPois    .         Spirit   .   (helmet restricted)
rElec    .         Reflect  +   (no cloak)
rCorr    .         Harm     .   (no gloves)
MR       .....                  (no boots)
Stlth    ++........             k - +3 amulet of reflection
Regen    0.2/turn               (no ring)
MPRegen  0.2/turn               (no ring)

@: no status effects
A: unfitting armour, reduced essence, cold-blooded, AC +6
a: Recall Ancestor, Ancestor Identity, Renounce Religion


You were on level 4 of the Dungeon.
You worshipped Hepliaklqana.
Hepliaklqana was noncommittal.
You were hungry.

You visited 2 branches of the dungeon, and saw 5 of its levels.

You collected 220 gold pieces.

Inventory:

Hand Weapons
 m - a +3 short sword of venom (weapon)
Armour
 l - a +1 buckler of protection (worn)
Jewellery
 k - a +3 amulet of reflection (around neck)
Scrolls
 e - 2 scrolls of remove curse
 h - a scroll of enchant weapon
 n - 2 scrolls of amnesia
 p - a scroll of enchant armour {unknown}
 q - 3 scrolls of teleportation
 s - a scroll of magic mapping {unknown}
 t - a scroll of fear {unknown}
Potions
 f - a potion of resistance
 g - 2 potions of curing
 i - 3 potions of cancellation
 j - a potion of magic
 o - a potion of mutation {unknown}
 u - a potion of brilliance {unknown}
Books
 a - a book of Air

   Spells                             Type                      Level
   a - Shock                          Conjuration/Air              1
   b - Swiftness                      Charms/Air                   2
   c - Static Discharge               Conjuration/Air              3
   d - Airstrike                      Air                          4
   e - Lightning Bolt                 Conjuration/Air              5
Comestibles
 b - 2 bread rations
 c - 3 meat rations
 d - 2 fruits
 r - a royal jelly


   Skills:
 * Level 2.7 Fighting
 * Level 3.0 Dodging
 - Level 1.7 Stealth
 * Level 1.4 Shields
 + Level 3.0 Spellcasting
 * Level 3.6 Conjurations
 + Level 3.9 Air Magic


You had one spell level left.
You knew the following spells:

 Your Spells              Type           Power        Failure   Level  Hunger
a - Shock                 Conj/Air       ###.         4%          1    None
b - Swiftness             Chrm/Air       #.......     16%         2    ##.....
c - Static Discharge      Conj/Air       ###.....     14%         3    ###....
d - Airstrike             Air            ###.......   41%         4    ####...


Dungeon Overview and Level Annotations

Branches:
Dungeon (4/15)             Temple (1/1) D:4

Altars:
Cheibriados
Dithmenos
Elyvilon
Fedhas
Hepliaklqana
Kikubaaqudgha
Makhleb
Nemelex Xobeh
Okawaru
Qazlal
Ru
Sif Muna
Uskayaw
Vehumet
Xom
Yredelemnul
The Shining One


Innate Abilities, Weirdness & Mutations

Your plain brown scales are hard. (AC +6)
You cannot fit into any form of body armour.
You are cold-blooded and may be slowed by cold attacks.
Your life essence is reduced. (-10% HP)


Message History

Aim: an ogre, wielding a giant spiked club (heavily wounded)
The zap hits the ogre.
The ogre is severely wounded.
Casting: Shock
Confirm with . or Enter, or press ? or * to list all spells.
Aiming: Shock
Press: ? - help, Shift-Dir - straight line, f/p - ogre
Aim: an ogre, wielding a giant spiked club (severely wounded)
The zap hits the ogre.
The ogre is severely wounded.
The ogre hits you with a giant spiked club!!
Casting: Shock
Confirm with . or Enter, or press ? or * to list all spells.
Aiming: Shock
Press: ? - help, Shift-Dir - straight line, f/p - ogre
Aim: an ogre, wielding a giant spiked club (severely wounded)
The zap hits the ogre.
The ogre is almost dead.
The ogre hits you with a giant spiked club!!
You die...

### #.. #.# ##### #.#
#...############.##
#........@O.......####
#...############.....#
##.## #.###.# #(# #O#
# #.# #.# #.#
#.###.#### ## #.#
#......... .# #.#
#####..... .# #.# ###


You could see an ogre.

Vanquished Creatures
  The ghost of Monsterracer the Ruffian, a weakling DrTm of Okawaru (D:3)
  A howler monkey (D:4)
  2 orc priests (D:3)
  2 worker ants
  2 orc wizards
  A hound skeleton (D:3)
  4 adders
  2 worms (D:3)
  3 dart slugs
  3 leopard geckos (D:1)
  12 orcs
  4 bats
  5 giant cockroaches
  6 goblins
  8 hobgoblins
  A jackal (D:3)
  3 quokkas
  7 frilled lizards
  7 kobolds
  11 rats
85 creatures vanquished.

Vanquished Creatures (others)
  An ancestor (D:4)
1 creature vanquished.

Grand Total: 86 creatures vanquished

Notes
Turn   | Place    | Note
-------+----------+-------------------------------------------
     0 | D:1      | Inarius the Draconian Air Elementalist began the quest for the Orb.
     0 | D:1      | Reached XP level 1. HP: 14/14 MP: 3/3
   428 | D:1      | Reached XP level 2. HP: 18/20 MP: 1/5
   432 | D:1      | Learned a level 2 spell: Swiftness
   826 | D:1      | Reached skill level 1 in Fighting
   828 | D:1      | Reached XP level 3. HP: 17/28 MP: 0/6
  1848 | D:2      | Learned a level 3 spell: Static Discharge
  2705 | D:2      | Reached XP level 4. HP: 34/36 MP: 0/7
  3075 | D:3      | Reached XP level 5. HP: 31/41 MP: 3/8
  3246 | D:3      | Noticed Monsterracer's ghost (weakling DrTm)
  3979 | D:3      | Reached skill level 1 in Shields
  4358 | D:3      | Reached XP level 6. HP: 50/50 MP: 5/10
  4482 | D:3      | Killed Monsterracer's ghost
  4753 | D:3      | Found a radiant altar of Vehumet.
  4762 | D:3      | Found a white marble altar of Elyvilon.
  4763 | D:3      | Found a blossoming altar of Fedhas.
  4764 | D:3      | Found a shimmering altar of Xom.
  4766 | D:3      | Found a deep blue altar of Sif Muna.
  4767 | D:3      | Found a hide-covered altar of Uskayaw.
  4828 | D:4      | Found a basalt altar of Yredelemnul.
  4873 | D:4      | Found a snail-covered altar of Cheibriados.
  4942 | D:4      | Found a staircase to the Ecumenical Temple.
  4950 | Temple   | Entered the Ecumenical Temple
  5000 | Temple   | Became a worshipper of Hepliaklqana the Forgotten
  5226 | D:4      | Learned a level 4 spell: Airstrike
  5242 | D:4      | Found a sparkling altar of Nemelex Xobeh.
  5286 | D:4      | Found a shadowy altar of Dithmenos.
  5589 | D:4      | Slain by an ogre

Skill      XL: |  1  2  3  4  5  6 |
---------------+-------------------+-----
Dodging        | 2 3 |  3.0
Fighting       | 1 2 |  2.7
Conjurations   | 2 3 |  3.6
Shields        | 1 |  1.4
Spellcasting   | 3 |  3.0
Stealth        | |  1.7
Air Magic      | |  3.9

Action                   |  1- 3 |  4- 6 || total
-------------------------+-------+-------++-------
Melee: Unarmed           |    15 |       ||    15
       Spear             |    38 |       ||    38
       Tailslap          |     6 |     2 ||     8
       Dagger            |     9 |       ||     9
       Short sword       |     2 |    51 ||    53
 Cast: Shock             |    69 |   116 ||   185
       Static Discharge  |       |     2 ||     2
       Swiftness         |       |     1 ||     1
Invok: Ancestor Identity |       |     1 ||     1
  Use: Potion            |     2 |       ||     2
       Scroll            |     1 |     8 ||     9
  Eat: Chunk             |     2 |     5 ||     7
       Bread ration      |     1 |     1 ||     2
Armor: Skin              |    30 |    13 ||    43
Dodge: Dodged            |    59 |    40 ||    99
Block: Buckler           |       |    14 ||    14
       Reflection        |       |     1 ||     1
